 Dungeon Crawl Stone Soup version 0.30-a0-986-g7f2e898f52 (webtiles) character file.

Game seed: 4980776236952756158

60 mopl the Sneak (level 4, 0/31 HPs)
             Began as an Octopode Delver on Apr 1, 2023.
             Succumbed to a scorpion's poison
             ... on level 5 of the Dungeon.
             The game lasted 00:00:27 (114 turns).

mopl the Sneak (Octopode Delver)                     Turns: 114, Time: 00:00:28

Health: 0/31       AC:  1    Str: 11    XL:     4   Next: 6%
Magic:  4/4        EV: 13    Int: 14    God:
Gold:   0          SH:  0    Dex: 13    Spells: 3/3 levels left

rFire   . . .      SeeInvis .    a - +0 falchion
rCold   . . .      Faith    .    (no shield)
rNeg    . . .      Spirit   .    (helmet restricted)
rPois   .          Reflect  .    (no amulet)
rElec   .          Rampage  .    (no ring)
rCorr   .                        (no ring)
Will    .....                    (no ring)
Stlth   ++++                     (no ring)
HPRegen 0.25/turn                (no ring)
MPRegen 0.09/turn                (no ring)
                                 (no ring)
                                 (no ring)

@: lethally poisoned (0 -> -6), flying
A: almost no armour, amphibious, 8 rings, camouflage 1, gelatinous body 1,
(nimble swimmer 1), tentacles
a: no special abilities


You were on level 5 of the Dungeon.
You visited 1 branch of the dungeon, and saw 1 of its levels.

Inventory:

Hand Weapons
 a - a +0 falchion (weapon)
Wands
 f - a wand of digging (3)
Scrolls
 b - a scroll of fog
 c - a scroll of magic mapping
 d - a scroll of fear
Potions
 e - a potion of haste


   Skills:
 + Level 3.5 Fighting
 - Level 2.0 Long Blades
 + Level 2.6 Dodging
 + Level 7.1 Stealth
 + Level 1.7 Evocations


You had 3 spell levels left.
You didn't know any spells.
Your spell library was empty.

Dungeon Overview and Level Annotations

Branches:
Dungeon (5/15)
 Temple: D:4-7

Altars:


Innate Abilities, Weirdness & Mutations

You cannot wear most types of armour.
You are amphibious.
You can wear up to eight rings at the same time.
Your skin changes colour to match your surroundings (Stealth+).
Your rubbery body absorbs attacks. (AC +1, EV +1)
((You are camouflaged when in or above water. (Stealth+)))
You have tentacles for arms and can constrict up to eight enemies at once.


Message History

You have reached level 4!
Unknown command.
You start resting.
HP restored.
You open the door.
There is an open door here.
You open the door.
A scorpion comes into view.
You barely miss the scorpion. Your grab misses the scorpion.
You squeeze the scorpion.
The scorpion is lightly wounded.
The scorpion misses you. The scorpion stings you.
You hit the scorpion. You grab the scorpion.
The scorpion is moderately wounded.
You constrict the scorpion. The scorpion stings you.
You are poisoned.
The scorpion poisons you!
You hit the scorpion.
The scorpion is heavily wounded.
You constrict the scorpion, but do no damage.
You feel very sick. The scorpion barely misses you.
You hit the scorpion but do no damage.
You squeeze the scorpion, but do no damage.
The scorpion is heavily wounded.
You constrict the scorpion.
You feel very sick. The scorpion misses you. The scorpion stings you!
* * * LOW HITPOINT WARNING * * *
You completely miss the scorpion. Your squeeze misses the scorpion.
The scorpion is severely wounded.
You constrict the scorpion, but do no damage.
* * * LOW HITPOINT WARNING * * *
You feel sick. The scorpion stings you.
* * * LOW HITPOINT WARNING * * *
Unknown command.
It was a potion of flight.
You feel very buoyant.
You fly up into the air.
You constrict the scorpion.
You die...

#.............
#####.............
.
+.................
..
#.................
...
#.................
#...
##+###.....######.
#.... #....#.....#
#.....#....+...†>#
#.....s@...#.....#
#.....#....#.....#
#.... ##..##.....#
.### #..#......#
#..'......#
#..#.........
#..#........#
#############


You could see a scorpion.

Vanquished Creatures
  A hound (D:5)
  A jelly (D:5)
2 creatures vanquished.

Notes
Turn   | Place    | Note
-------+----------+-------------------------------------------
     0 | D:5      | mopl the Octopode Delver began the quest for the Orb.
     0 | D:5      | Reached XP level 1. HP: 16/16 MP: 1/1
     9 | D:5      | Noticed a jelly
    17 | D:5      | Killed a jelly
    18 | D:5      | Reached skill level 1 in Evocations
    18 | D:5      | Reached XP level 2. HP: 9/21 MP: 2/2
    18 | D:5      | Reached XP level 3. HP: 11/26 MP: 3/3
    50 | D:5      | Reached skill level 7 in Stealth
    50 | D:5      | Reached XP level 4. HP: 19/31 MP: 4/4
   107 | D:5      | Noticed a scorpion
   113 | D:5      | HP: 1/31 [scorpion (5)]
   114 | D:5      | Succumbed to a scorpion's poison

Illustrated notes

Levels and vault maps discovered:
D:5:      lemuel_insect_pit, layout_gridville

Skill      XL: |  1  2  3 |
---------------+----------+-----
Evocations     | 1 |  1.7
Stealth        | 7 |  7.1
Fighting       | |  3.5
Long Blades    | |  2.0
Dodging        | |  2.6

Action                     |  1- 3 |  4- 6 || total
---------------------------+-------+-------++-------
  Melee: Falchion          |     8 |     5 ||    13
         Tentacles         |     5 |     2 ||     7
         Constrict         |     1 |     1 ||     2
    Use: Potion            |       |     1 ||     1
 Armour: Skin              |     1 |       ||     1
  Dodge: Dodged            |     6 |     3 ||     9

Table legend: (Time is in decaauts)
 A = Elapsed time spent in this place.
 B = Non-inter-level travel time spent in this place.
 C = Inter-level travel time spent in this place.
 D = Time resting spent in this place.
 E = Time spent auto-exploring this place.
 F = Levels seen in this place.
 G = Mean time per level.
                   A        B        C        D        E       F      G
               +--------+--------+--------+--------+--------+-----+--------+
         Total |    116 |    116 |      0 |     52 |     19 |   1 |  116.0 |
       Dungeon |    116 |    116 |      0 |     52 |     19 |   1 |  116.0 |
               +--------+--------+--------+--------+--------+-----+--------+

Top non-repeatable levels by time:
     D:5: 116 daAuts
